 Dungeon Crawl Stone Soup version 0.31-a0-145-g046c7d2549 (webtiles) character file.

Game seed: 14429393257456635642

247 Faragor the Magician (level 5, -2/28 HPs)
             Began as a Deep Elf Earth Elementalist on June 6, 2023.
             Succumbed to Ijyb's poison
             ... on level 4 of the Dungeon.
             The game lasted 00:10:31 (5927 turns).

Faragor the Magician (Deep Elf Earth Elementalist)  Turns: 5927, Time: 00:10:32

Health: -2/28      AC:  3    Str:  5    XL:     5   Next: 85%
Magic:  4/14       EV: 10    Int: 22    God:
Gold:   129        SH:  0    Dex: 15    Spells: 4/14 levels left

rFire   . . .        h - +0 dagger
rCold   . . .        (no shield)
rNeg    . . .        a - +0 robe
rPois   .            l - +0 hat
rElec   .            c - +0 cloak
rCorr   .            (no gloves)
SInv    .            (no boots)
Will    .....        (no amulet)
Stlth   +++          (no ring)
HPRegen 0.24/turn    (no ring)
MPRegen 0.14/turn

%: no passive effects
@: lethally poisoned (-2 -> -14), grasped by roots, constricted
A: no striking features
a: no special abilities


You were on level 4 of the Dungeon.
You visited 1 branch of the dungeon, and saw 4 of its levels.

You collected 129 gold pieces.

Inventory:

Hand Weapons
 h - a +0 dagger (weapon)
Armour
 a - a +0 robe (worn)
 c - a +0 cloak (worn)
 j - a +2 kite shield
 l - a +0 hat (worn)
Scrolls
 d - 3 scrolls of teleportation {unknown}
 g - a scroll of identify {unknown}
 m - a scroll of amnesia {unknown}
 p - a scroll of fog {unknown}
 r - a scroll of blinking {unknown}
Potions
 b - a potion of magic
 e - 3 potions of haste {unknown}
 f - a potion of lignification {unknown}
 i - a potion of heal wounds {unknown}
 k - a potion of curing
 o - a potion of might {unknown}
 q - a potion of brilliance {unknown}
 s - a potion of berserk rage {unknown}


   Skills:
 - Level 3.1 Dodging
 + Level 4.0 Stealth
 * Level 5.1 Spellcasting
 + Level 1.2 Translocations
 + Level 2.9 Transmutations
 + Level 4.2 Earth Magic


You had 4 spell levels left.
You knew the following spells:

 Your Spells              Type           Power      Damage    Failure   Level
a - Sandblast             Erth           48%        2d12      1%          1
b - Passwall              Tmut/Erth      17%        N/A       3%          2
c - Stone Arrow           Conj/Erth      30%        3d8       12%         3
d - Passage of Golubria   Tloc           11%        N/A       52%         4

Your spell library contained the following spells:

 Spells                   Type           Power      Damage    Failure   Level
 Petrify                  Tmut/Erth      21%        N/A       22%         4
 Portal Projectile        Hex/Tloc       16%        N/A       24%         3
 Tukima's Dance           Hex            5%         N/A       30%         3
 Blade Hands              Tmut           9%         N/A       63%         5
 Yara's Violent Unravell  Hex/Tmut       6%         3d5       83%         5


Dungeon Overview and Level Annotations

Branches:
Dungeon (4/15)
 Temple: D:4-7

Altars:

Annotations:
D:4 Eustachio, Ijyb


Message History

The blast of sand hits the bullfrog.
The bullfrog is severely wounded.
The bullfrog hits you. x2
Casting: Sandblast (safe; 1% risk of failure)
Confirm with . or Enter, or press ? or * to list all spells.
Aiming: Sandblast (safe; 1% risk of failure)
Press: ? - help, Shift-Dir - straight line, f/p - bullfrog
Aim: a bullfrog (severely wounded, 79% to hit)
The blast of sand hits the bullfrog!
You kill the bullfrog!
Ijyb closely misses you. Ijyb barely misses you.
Your Stealth skill increases to level 4!
Your Spellcasting skill increases to level 5!
Your Translocations skill increases to level 1!
Casting: Sandblast (safe; 1% risk of failure)
Confirm with . or Enter, or press ? or * to list all spells.
The spell is quite dangerous to miscast (12% risk of failure)!
Continue anyway?
Aiming: Stone Arrow (quite dangerous; 12% risk of failure)
Press: ? - help, Shift-Dir - straight line, f - Ijyb
Aim: Ijyb, wielding a +2 dagger of venom, wearing a +0 leather armour and carrying a wand of roots (10) (moderately wounded, 60% to hit)
The stone arrow misses Ijyb.
Ijyb zaps a wand.
The roots erupt in riotous growth!
The grasping roots grab you!
Ijyb is unaffected.
The grasping roots constrict you.
You hear a bark!
Casting: Stone Arrow (quite dangerous; 12% risk of failure)
Confirm with . or Enter, or press ? or * to list all spells.
Aiming: Sandblast (safe; 1% risk of failure)
Press: ? - help, Shift-Dir - straight line, f/p - Ijyb
Aim: Ijyb, wielding a +2 dagger of venom, wearing a +0 leather armour and carrying a wand of roots (9) (moderately wounded, 79% to hit)
The blast of sand hits Ijyb!
Ijyb is severely wounded.
Ijyb hits you with a +2 dagger of venom.
* * * LOW HITPOINT WARNING * * *
You are lethally poisoned!
The grasping roots constrict you.
* * * LOW HITPOINT WARNING * * *
You hit Ijyb.
Ijyb is severely wounded.
You die...

....... ......# ###...#
..#...# . ..#...# ###
####........ ..#...# ...
#......@....
......######.######...........
..........##..........!†......
..........##....@...........
).........#####g####......#
..........#.......####....##
..........#..........#.....###
...†............§....#........
...........##......J.#........
.....^.....##........#........
###...........................
#...........##.............>.


You could see Ijyb.

Vanquished Creatures
  A bullfrog (D:4)
  Jessica (D:2)
  An iguana (D:4)
  6 adders
  3 dart slugs
  An orc (D:4)
  8 endoplasms
  3 giant cockroaches
  6 hobgoblins
  3 kobolds
  A quokka (D:3)
  12 ball pythons
  9 bats
  3 frilled lizards (D:1)
  6 goblins
  6 rats
70 creatures vanquished.

Notes
Turn   | Place    | Note
-------+----------+-------------------------------------------
     0 | D:1      | Faragor the Deep Elf Earth Elementalist began the quest for
                  | the Orb.
     0 | D:1      | Reached XP level 1. HP: 10/10 MP: 6/6
   586 | D:1      | Reached XP level 2. HP: 13/15 MP: 5/8
  2143 | D:1      | Learned a level 2 spell: Passwall
  2581 | D:2      | Noticed Jessica
  2593 | D:2      | Killed Jessica
  2594 | D:2      | Reached XP level 3. HP: 15/19 MP: 6/10
  3203 | D:3      | Learned a level 3 spell: Stone Arrow
  3254 | D:3      | Reached XP level 4. HP: 24/24 MP: 9/11
  3641 | D:3      | Reached skill level 4 in Spellcasting
  4576 | D:3      | Found a faded altar of an unknown god.
  4719 | D:3      | Learned a level 4 spell: Passage of Golubria
  4855 | D:4      | Reached XP level 5. HP: 28/28 MP: 7/13
  5864 | D:4      | Noticed Eustachio
  5901 | D:4      | Noticed Ijyb
  5925 | D:4      | Reached skill level 5 in Spellcasting
  5925 | D:4      | Reached skill level 1 in Translocations
  5926 | D:4      | HP: 1/28 [constriction (6)]
  5927 | D:4      | Succumbed to Ijyb's poison

Illustrated notes

Levels and vault maps discovered:
D:1:      heliophobic_arrival_glass_houses, layout_loops_ring,
          grunt_decor_clamped
D:2:      layout_rooms, uniq_jessica
D:3:      layout_basic, shapermc_ecumenical_altar_flowoftime,
          nicolae_kite_square_tiling_tiny, serial_park_tiny_pond
D:4:      layout_basic, nicolae_ru_sacrificial_ziggurat,
          minmay_temple_entry_trees, nicolae_shop_self_help, uniq_eustachio,
          uniq_ijyb

Skill      XL: |  1  2  3  4  5 |
---------------+----------------+-----
Dodging        | 3 |  3.1
Stealth        | 3 4 |  4.0
Transmutations | 2 |  2.9
Spellcasting   | 4 5 |  5.1
Earth Magic    | 4 |  4.2
Translocations | 1 |  1.2

Action                     |  1- 3 |  4- 6 || total
---------------------------+-------+-------++-------
  Melee: Unarmed           |     1 |       ||     1
         Dagger            |     3 |     1 ||     4
   Cast: Sandblast         |    43 |    46 ||    89
         Stone Arrow       |       |     3 ||     3
    Use: Scroll            |       |     1 ||     1
 Armour: Robe              |    10 |     2 ||    12
  Dodge: Dodged            |    22 |     6 ||    28

Table legend: (Time is in decaauts)
 A = Elapsed time spent in this place.
 B = Non-inter-level travel time spent in this place.
 C = Inter-level travel time spent in this place.
 D = Time resting spent in this place.
 E = Time spent auto-exploring this place.
 F = Levels seen in this place.
 G = Mean time per level.
                   A        B        C        D        E       F      G
               +--------+--------+--------+--------+--------+-----+--------+
         Total |   5976 |   5872 |    104 |   3515 |   1855 |   4 | 1494.0 |
       Dungeon |   5976 |   5872 |    104 |   3515 |   1855 |   4 | 1494.0 |
               +--------+--------+--------+--------+--------+-----+--------+

Top non-repeatable levels by time:
     D:1: 2183 daAuts
     D:3: 1556 daAuts
     D:4: 1205 daAuts
     D:2: 1031 daAuts
